AoeStats
← Sorrisinho de Classe

Arabia

507833473Analyzed
1v1 RM · 13d ago on Sep 19, 2026· 40m 30s· 2 players
Game mode
Random Map
Map size
Tiny (2 player)
Population
200
Speed
Normal
Resources
Standard
Victory
Conquest
Starting age
Dark Age
Ending age
Imperial Age
RankedLock teamsTeams togetherTeam positionsShared explorationLock speedFull tech treeHidden civsTurbo modeCheats
Victory
Defeat
🇨🇦 Franks · Canada
833
+16
🇧🇷 Saracens · Brazil
837
-16
Matéo del bosque
10:18 Feudal Age
10:45 Double-Bit Axe
14:12 Loom
15:40 Wheelbarrow
18:23 Castle Age
16:49 Stone Mining
16:57 Gold Mining
21:35 Fletching
22:56 Bow Saw
26:46 Bodkin Arrow
28:36 Husbandry
30:21 Forging
31:54 Iron Casting
35:40 Imperial Age
34:42 Scale Barding Armor
35:45 #83
36:48 Murder Holes
36:17 Cavalier
38:34 Blast Furnace
37:55 Chain Barding Armor
38:02 Ballistics
38:59 Hand Cart
39:08 Chivalry
Sorrisinho de Classe
10:25 Feudal Age
14:42 Loom
18:48 Castle Age
17:46 Bloodlines
18:36 Scale Barding Armor
20:20 Forging
22:29 Fletching
25:07 Double-Bit Axe
25:05 Horse Collar
27:47 Stone Mining
27:49 Gold Mining
28:41 Crossbowman
29:32 Bodkin Arrow
32:56 Thumb Ring
33:56 Wheelbarrow
33:13 Town Watch
37:43 Imperial Age
36:16 Padded Archer Armor
36:36 Chain Barding Armor
36:52 Iron Casting
36:20 Husbandry
36:58 Ballistics
37:55 Hand Cart
38:35 Town Patrol
38:33 Heavy Camel Rider
38:35 Arbalester
40:20 Bracer
Connection lost

Rejoining the realm…

Still unreachable

The connection could not be restored.

Session expired

The server has moved on; the page needs a fresh start.